 Dungeon Crawl Stone Soup version 0.24-a0-272-g1411513 (webtiles) character file.

Game seed: 8554455847522427941

31512 Gabby the Slicer (level 13, -3/86 HPs)
             Began as an Octopode Artificer on Apr 25, 2019.
             Was the Champion of Wu Jian.
             Slain by a manticore (13 damage)
             ... on level 14 of the Dungeon.
             The game lasted 01:11:30 (21548 turns).

Gabby the Slicer (Octopode Artificer)              Turns: 21548, Time: 01:11:31

Health: -3/86      AC:  1    Str: 12      XL:     13   Next: 58%
Magic:  23/23      EV: 18    Int: 12 (13) God:    Wu Jian [******]
Gold:   898        SH:  6    Dex: 16 (17) Spells: 11/26 levels left

rFire    + + +     SeeInvis +   b - +2 rapier (speed)
rCold    + . .     Gourm    .   F - +1 buckler
rNeg     . . .     Faith    .   g - +0 hat of Modesty {SInv}
rPois    .         Spirit   .   (no amulet)
rElec    .         Reflect  .   m - ring of resist corrosion
rCorr    +         Harm     .   y - ring of see invisible
MR       .....     Clarity  +   c - ring of protection from fire
Stlth    ++++++....             i - ring of protection from fire
HPRegen  0.24/turn              C - ring of protection from cold
MPRegen  0.18/turn              (no ring)
                                (no ring)
                                (no ring)

@: studying Short Blades
A: almost no armour, stealthy swim, amphibious, 8 rings, constrict 8, camouflage
1, clarity, deterioration 1, fire resistance 1, sense surroundings 1, gelatinous
body 1
a: Wall Jump, Serpent's Lash, Heavenly Storm, Renounce Religion


You were on level 14 of the Dungeon.
You worshipped Wu Jian.
Wu Jian was exalted by your worship.
You were not hungry.

You visited 2 branches of the dungeon, and saw 15 of its levels.

You collected 898 gold pieces.

Inventory:

Hand Weapons
 a - a +1 dagger of venom
 b - a +2 rapier of speed (weapon)
 E - a +3 short sword
Missiles
 n - 3 javelins (quivered)
 u - 5 throwing nets
 L - 7 tomahawks
Armour
 g - the +0 hat of Modesty (worn) {SInv}
   (You acquired it on level 14 of the Dungeon)

   It lets you see invisible.
 F - a +1 buckler (worn)
Magical Staves
 M - an uncursed staff of poison
Jewellery
 c - a ring of protection from fire (on tentacle)
 i - a ring of protection from fire (on tentacle)
 m - a ring of resist corrosion (left tentacle)
 y - a ring of see invisible (right tentacle)
 C - a ring of protection from cold (on tentacle)
Wands
 d - a wand of random effects (25)
 v - a wand of flame (61)
 A - a wand of polymorph (11)
 J - a wand of acid (12)
 N - a wand of digging (3)
Scrolls
 e - 5 scrolls of teleportation
 h - 6 scrolls of magic mapping
 r - a scroll of immolation
 s - 4 scrolls of identify
 t - 2 scrolls of amnesia
 w - a scroll of remove curse
 B - 3 scrolls of fear
Potions
 j - 3 potions of might
 k - 3 potions of ambrosia
 l - 5 potions of flight
 o - 2 potions of brilliance
 p - 6 potions of curing
 q - 4 potions of haste
 x - a potion of cancellation {unknown}
 z - 5 potions of lignification
 D - 3 potions of heal wounds
 G - a potion of degeneration {unknown}
 H - a potion of mutation
Books
 I - a manual of Short Blades
Comestibles
 f - 23 rations


   Skills:
 + Level 7.3 Fighting
 - Level 13.8(14.0) Short Blades
   Level 2.9(9.7) Long Blades
 - Level 0.1 Throwing
 + Level 6.7 Dodging
 - Level 12.2 Stealth
 - Level 4.0 Shields
 * Level 7.2 Spellcasting
 * Level 4.9 Conjurations
 * Level 1.9 Transmutations
 - Level 5.1 Air Magic
 * Level 1.9 Earth Magic
 - Level 8.1 Poison Magic
 - Level 5.1 Evocations


You had 11 spell levels left.
You knew the following spells:

 Your Spells              Type           Power        Failure   Level  Hunger
a - Poisonous Vapours     Pois/Air       ###...       1%          2    #......
b - Mephitic Cloud        Conj/Pois/Air  ###.....     4%          3    ###....
c - Olgreb's Toxic Radia  Pois           ###.....     5%          4    ####...
d - Statue Form           Tmut/Erth      #........    100%        6    #######

Your spell library contained the following spells:

 Spells                   Type           Power        Failure   Level  Hunger
 Sting                    Conj/Pois      ###.         1%          1    None
 Venom Bolt               Conj/Pois      ###.......   30%         5    ######.
 Irradiate                Conj/Tmut      ##........   73%         5    ######.
 Hydra Form               Tmut           #.........   100%        6    #######
 Dragon Form              Tmut           #.........   100%        7    #######


Dungeon Overview and Level Annotations

Branches:
Dungeon (14/15)            Temple (1/1) D:7            Lair (0/6) D:11
    Orc (0/2) D:10         Vaults (0/5) D:13

Altars:
Ashenzari
Cheibriados
Dithmenos
Elyvilon
Fedhas
Gozag
Hepliaklqana
Kikubaaqudgha
Makhleb
Nemelex Xobeh
Okawaru
Qazlal
Ru
Sif Muna
Trog
Uskayaw
Vehumet
Wu Jian
Xom
Yredelemnul
Zin
The Shining One

Annotations:
D:2 exclusion: downstairs
D:3 exclusion: downstairs
D:4 2 runed translucent doors, exclusion: phantom, Anon1729's ghost, novice NaFi
D:10 exclusion: downstairs
D:13 exclusion: downstairs


Innate Abilities, Weirdness & Mutations

You cannot wear most types of armour.
You are very stealthy in the water. (Stealth+)
You are amphibious.
You can wear up to eight rings at the same time.
You can use your tentacles to constrict eight enemies at once.
Your skin changes colour to match your surroundings (Stealth+).
Your rubbery body absorbs attacks. (AC +1, EV +1)
You possess an exceptional clarity of mind.
Your body sometimes deteriorates upon taking damage.
Your flesh is heat resistant. (rF+)
You passively map a small area around you.


Message History

The manticore is lightly wounded.
You hit the manticore.
The manticore is moderately wounded.
You puncture the manticore!
The manticore is heavily wounded.
The manticore bites you! The manticore claws you!
The manticore barely misses you.
You hit the manticore.
The manticore is heavily wounded.
You barely miss the manticore.
The manticore is heavily wounded.
You completely miss the manticore.
The manticore is heavily wounded.
The manticore bites you!!
* * * LOW HITPOINT WARNING * * *
Your body deteriorates!
You feel dopey. The manticore claws you!
* * * LOW HITPOINT WARNING * * *
The manticore claws you!
You die...

+........ , * *
#........ ,,, ,+.#.,
#....)..[ > #...
############# #..
######......# #..
.....#...#..# ,#.# #
..)..#...#..# #.##.#
###'##..†...####....#
................@H..#
.......####......##.#
.......#* #......# *
....................
####################


You could see a manticore.

Vanquished Creatures
  Nessos (D:14)
  Snorg (D:11)
  Harold (D:8)
  A vault guard (D:13)
  A hydra (D:13)
  5 two-headed ogres
  A centaur warrior (D:13)
  3 wizards (D:13)
  3 ugly things (D:12)
  2 manticores
  5 cyclopes
  An elephant (D:11)
  2 centaur zombies
  Maurice (D:11)
  3 gargoyles
  A komodo dragon (D:14)
  4 trolls
  2 polar bears (D:11)
  A merfolk (D:10)
  A hippogriff (D:7)
  A hornet (D:14)
  A shadow (D:13)
  2 basilisks (D:11)
  2 wraiths
  13 yaks
  21 humans (D:13)
  7 vampire mosquitoes
  5 hungry ghosts
  2 orc warriors
  A black bear (D:12)
  6 ice beasts
  6 ogres
  3 phantoms
  6 sky beasts
  3 wolves (D:11)
  11 centaurs
  2 big kobolds
  5 bullfrogs
  A wyvern skeleton (D:6)
  A water moccasin skeleton (D:5)
  6 scorpions
  3 electric eels (D:11)
  12 wights
  6 crimson imps
  8 howler monkeys
  4 bullfrog zombies
  4 hounds
  2 quasits
  3 centaur skeletons
  4 bullfrog skeletons
  2 iguanas
  6 orc priests
  4 jellies
  7 orc wizards
  13 worker ants
  A bullfrog simulacrum (D:11)
  2 hound skeletons
  Robin (D:2)
  A worker ant zombie (D:8)
  A howler monkey skeleton (D:9)
  12 gnolls
  14 adders
  5 shadow imps
  5 white imps (D:11)
  A worker ant simulacrum (D:11)
  4 ufetubi (D:11)
  2 oozes (D:1)
  An adder skeleton (D:4)
  An adder zombie (D:7)
  4 worms
  5 dart slugs
  7 leopard geckos
  28 orcs
  2 ball pythons
  2 giant cockroaches
  8 hobgoblins
  13 jackals
  5 quokkas
  10 bats
  3 frilled lizards
  20 goblins
  A jackal skeleton (D:7)
  17 kobolds
  3 rats (D:1)
402 creatures vanquished.

Vanquished Creatures (collateral kills)
  3 orc warriors
  6 orcs
9 creatures vanquished.

Vanquished Creatures (others)
  2 fungi (D:11)
  A plant (D:11)
3 creatures vanquished.

Grand Total: 414 creatures vanquished

Notes
Turn   | Place    | Note
-------+----------+-------------------------------------------
     0 | D:1      | Gabby the Octopode Artificer began the quest for the Orb.
     0 | D:1      | Reached XP level 1. HP: 13/13 MP: 3/3
   129 | D:1      | Reached XP level 2. HP: 18/18 MP: 4/4
   453 | D:1      | Reached XP level 3. HP: 18/23 MP: 5/5
  1997 | D:2      | Reached XP level 4. HP: 26/28 MP: 7/7
  2040 | D:2      | Found a white marble altar of Elyvilon.
  2577 | D:2      | Reached XP level 5. HP: 33/33 MP: 8/8
  2593 | D:2      | Noticed Robin
  2688 | D:2      | Killed Robin
  4419 | D:4      | Reached skill level 5 in Stealth
  4419 | D:4      | Reached XP level 6. HP: 25/39 MP: 9/9
  4612 | D:4      | Noticed a sky beast
  4652 | D:4      | Killed a sky beast
  4884 | D:4      | Noticed a phantom
  5001 | D:4      | Noticed a phantom
  5034 | D:4      | Reached skill level 1 in Long Blades
  5069 | D:4      | Reached XP level 7. HP: 46/46 MP: 10/10
  5076 | D:4      | Found a large runed translucent door.
  5076 | D:4      | Found a large runed translucent door.
  5080 | D:4      | Noticed Anon1729's ghost (novice NaFi)
  6175 | D:5      | Entered Level 5 of the Dungeon
  6542 | D:5      | Found a radiant altar of Vehumet.
  6965 | D:5      | Reached XP level 8. HP: 47/53 MP: 11/11
  7119 | D:5      | Reached skill level 2 in Short Blades
  8154 | D:6      | Found a deep blue altar of Sif Muna.
  8288 | D:6      | Reached skill level 3 in Short Blades
  8340 | D:6      | Reached skill level 5 in Dodging
  8462 | D:6      | Found a bloodstained altar of Trog.
  8590 | D:6      | Reached skill level 4 in Short Blades
  8889 | D:7      | Found a staircase to the Ecumenical Temple.
  8911 | D:7      | Noticed a hippogriff
  8921 | D:7      | Killed a hippogriff
  8921 | D:7      | Reached skill level 5 in Short Blades
  9154 | D:7      | Reached XP level 9. HP: 45/58 MP: 12/12
  9412 | Temple   | Entered the Ecumenical Temple
  9508 | Temple   | Became a worshipper of the Wu Jian Council
  9846 | D:8      | Found a shattered altar of Ashenzari.
 10002 | D:8      | Noticed a two-headed ogre
 10006 | D:8      | Killed a two-headed ogre
 10006 | D:8      | Reached skill level 7 in Short Blades
 10041 | D:8      | Reached skill level 10 in Stealth
 10084 | D:8      | Reached * piety under Wu Jian
 10324 | D:8      | Found an opulent altar of Gozag.
 10384 | D:8      | Noticed a cyclops
 10391 | D:8      | Killed a cyclops
 10391 | D:8      | Reached skill level 8 in Short Blades
 10391 | D:8      | Reached XP level 10. HP: 46/65 MP: 13/13
 10569 | D:8      | Noticed Harold
 10572 | D:8      | Killed Harold
 10776 | D:9      | Reached skill level 5 in Fighting
 10782 | D:9      | You fall through a shaft!
 10782 | D:10     | Entered Level 10 of the Dungeon
 10788 | D:10     | Reached skill level 9 in Short Blades
 11380 | D:9      | Learned a level 2 spell: Poisonous Vapours
 11400 | D:9      | Found a sacrificial altar of Ru.
 11472 | D:10     | Reached ** piety under Wu Jian
 11723 | D:10     | Noticed a two-headed ogre
 11728 | D:10     | Killed a two-headed ogre
 11728 | D:10     | Reached skill level 10 in Short Blades
 11728 | D:10     | Reached skill level 1 in Spellcasting
 11728 | D:10     | Reached skill level 1 in Air Magic
 11728 | D:10     | Reached skill level 1 in Poison Magic
 11944 | D:10     | Reached XP level 11. HP: 71/72 MP: 14/14
 12009 | D:10     | Reached skill level 1 in Shields
 12033 | D:10     | Found a staircase to the Orcish Mines.
 12403 | D:11     | Reached *** piety under Wu Jian
 12409 | D:11     | Reached skill level 11 in Short Blades
 13151 | D:10     | Learned a level 3 spell: Mephitic Cloud
 13639 | D:11     | Noticed Snorg
 13647 | D:11     | Killed Snorg
 13734 | D:11     | Noticed a cyclops
 14014 | D:11     | Reached **** piety under Wu Jian
 14097 | D:11     | Reached skill level 12 in Short Blades
 14161 | D:11     | Found a staircase to the Lair.
 14804 | D:11     | Killed a cyclops
 15309 | D:11     | Learned a level 4 spell: Olgreb's Toxic Radiance
 15398 | D:11     | Noticed Maurice
 15625 | D:11     | Killed Maurice
 15625 | D:11     | Reached skill level 1 in Conjurations
 15625 | D:11     | Reached skill level 5 in Poison Magic
 15858 | D:11     | Reached XP level 12. HP: 29/78 MP: 17/17
 16537 | D:12     | Noticed a two-headed ogre
 16548 | D:12     | Killed a two-headed ogre
 16987 | D:12     | Reached skill level 5 in Air Magic
 17020 | D:12     | Found a shadowy altar of Dithmenos.
 17142 | D:12     | Reached ***** piety under Wu Jian
 17282 | D:12     | Reached skill level 13 in Short Blades
 18227 | D:13     | Noticed a two-headed ogre
 18527 | D:13     | Reached skill level 5 in Spellcasting
 18544 | D:13     | Gained mutation: Your body sometimes deteriorates upon
                  | taking damage. [potion of mutation]
 18544 | D:13     | Gained mutation: You passively map a small area around you.
                  | [potion of mutation]
 18544 | D:13     | Gained mutation: You possess an exceptional clarity of
                  | mind. [potion of mutation]
 18544 | D:13     | Gained mutation: Your flesh is heat resistant. (rF+)
                  | [potion of mutation]
 18586 | D:13     | Noticed a five-headed hydra
 18589 | D:13     | Killed a five-headed hydra
 18958 | D:13     | Killed a two-headed ogre
 18958 | D:13     | Reached skill level 5 in Evocations
 19419 | D:13     | Reached XP level 13. HP: 79/85 MP: 1/21
 19561 | D:13     | Found a gate to the Vaults.
 19561 | D:13     | Noticed a vault guard
 19605 | D:13     | Killed a vault guard
 19955 | D:13     | Learned a level 6 spell: Statue Form
 20431 | D:14     | Reached skill level 1 in Transmutations
 20449 | D:14     | Reached skill level 1 in Earth Magic
 20997 | D:14     | Identified a scroll of acquirement
 21000 | D:14     | Got a smoking hat
 21006 | D:14     | Identified the +0 hat of Modesty {SInv} (You acquired it on
                  | level 14 of the Dungeon)
 21129 | D:14     | Reached ****** piety under Wu Jian
 21516 | D:14     | Noticed Nessos
 21522 | D:14     | Killed Nessos
 21548 | D:14     | Slain by a manticore

Levels and vault maps discovered:
D:1:      erik_arrival_gehennom, layout_loops_corners, minmay_door_square,
          minmay_bisected
D:2:      layout_rooms, old_standard_altar, uniq_robin
D:3:      layout_rooms, minmay_misc_feat_rugged
D:4:      layout_gridville, first_ration, ebering_ghost_disaster_area
D:5:      layout_basic, vehumet_altar_wand_db, chequers_decorated_corner
D:6:      layout_basic, lightli_temple_of_fire, kennysheep_mini_moat,
          minmay_fractal_squares_diagonal_5
D:7:      layout_rooms, lemuel_temple_firewalk_b
D:8:      layout_basic, grunt_gozag_breadcrumbs, nicolae_ashenzari_panopticon,
          uniq_harold
D:9:      layout_big_octagon, kennysheep_little_box
D:10:     layout_roguey, david_orc_3, hangedman_fish_farm
D:11:     layout_long_grid, david_lair_generic, serial_ice, serial_ice_a,
          serial_ice_n, serial_ice_d, serial_ice_j, serial_ice_h, serial_ice_f,
          serial_ice_c, serial_ice_g, serial_ice_e, serial_ice_o, uniq_snorg,
          uniq_maurice
D:12:     layout_small_grid, grunt_dithmenos_smoke_and_mirrors
D:13:     layout_roguey, grunt_vaults_entry_tiered
D:14:     layout_stronghold, serial_shops, shop, lemuel_tele_altar, minivault_5,
          uniq_nessos
Temple:   lightli_temple_of_artemis

Skill      XL: |  1  2  3  4  5  6  7  8  9 10 11 12 13 |
---------------+----------------------------------------+-----
Stealth        | 2 3 4 5 7 8 10 12 | 12.2
Evocations     | 4 5 |  5.1
Dodging        | 3 4 5 6 |  6.7
Fighting       | 2 3 4 5 6 7 |  7.3
Long Blades    | 1 2 |  2.9
Short Blades   | 5 8 10 12 13 | 13.8
Spellcasting   | 1 3 5 7 |  7.2
Air Magic      | 1 4 5 |  5.1
Poison Magic   | 2 5 7 8 |  8.1
Shields        | 3 4 |  4.0
Conjurations   | 1 3 4 |  4.9
Transmutations | 1 |  1.9
Earth Magic    | 1 |  1.9
Throwing       | |  0.1

Action                   |  1- 3 |  4- 6 |  7- 9 | 10-12 | 13-15 || total
-------------------------+-------+-------+-------+-------+-------++-------
Melee: Short sword       |    75 |   116 |       |       |       ||   191
       Constrict         |    20 |    40 |    39 |    87 |    14 ||   200
       Tentacles         |    12 |    29 |    57 |   191 |    45 ||   334
       Long sword        |       |    34 |    59 |       |       ||    93
       Rapier            |       |       |   107 |   581 |   146 ||   834
       Dagger            |       |       |    27 |   157 |     7 ||   191
Throw: Javelin           |       |       |     1 |     8 |       ||     9
 Cast: Poisonous Vapours |       |       |       |    73 |     7 ||    80
       Olgreb's Toxic Ra |       |       |       |     3 |    14 ||    17
       Mephitic Cloud    |       |       |       |       |     1 ||     1
Invok: Lunge             |       |       |    13 |    70 |    13 ||    96
       Whirlwind         |       |       |       |    33 |     3 ||    36
Evoke: Wand              |       |     8 |     1 |    37 |     3 ||    49
       Sack of spiders   |       |       |       |     2 |       ||     2
  Use: Scroll            |       |     8 |     8 |     9 |     1 ||    26
       Potion            |       |     1 |       |     4 |       ||     5
 Stab: Sleeping          |     8 |     1 |    27 |    32 |    10 ||    78
       Paralysed         |       |     5 |       |     5 |       ||    10
       Distracted        |       |       |       |     8 |     1 ||     9
       Confused          |       |       |       |       |     1 ||     1
  Eat: Chunk             |     3 |     9 |    10 |    37 |     8 ||    67
       Ration            |       |     1 |     1 |       |     1 ||     3
Armor: Skin              |     9 |    12 |     1 |     8 |       ||    30
Dodge: Dodged            |    57 |   118 |    99 |   223 |    45 ||   542
Block: Buckler           |       |       |       |    69 |    17 ||    86
       Rpst.: Long sword |       |    10 |    22 |       |       ||    32

Table legend:
 A = Non-vault XP
 B = Vault XP
 C = Vault XP percentage of total XP
 D = Non-vault monster count
 E = Vault monster count
 F = Vault count percentage of total count
                 A         B        C        D         E       F
            +---------+---------+-------+---------+---------+-------
      Total |   30274 |   14744 |  32.8 |     328 |      83 |  20.2
            +---------+---------+-------+---------+---------+-------
        D:1 |      46 |      18 |  28.1 |      24 |       6 |  20.0
        D:2 |     150 |      32 |  17.6 |      28 |      10 |  26.3
        D:3 |      46 |       0 |   0.0 |      18 |       0 |   0.0
        D:4 |     665 |       0 |   0.0 |      19 |       0 |   0.0
        D:5 |     458 |       2 |   0.4 |      16 |       1 |   5.9
        D:6 |     258 |     309 |  54.5 |       9 |       5 |  35.7
        D:7 |     381 |       0 |   0.0 |       5 |       0 |   0.0
        D:8 |    2346 |    1013 |  30.2 |      24 |       1 |   4.0
        D:9 |    1079 |       0 |   0.0 |      17 |       0 |   0.0
       D:10 |    2362 |     464 |  16.4 |      31 |       7 |  18.4
       D:11 |    4628 |    4398 |  48.7 |      46 |      27 |  37.0
       D:12 |    5786 |       0 |   0.0 |      34 |       0 |   0.0
       D:13 |    7451 |    7239 |  49.3 |      31 |      25 |  44.6
       D:14 |    4618 |    1269 |  21.6 |      26 |       1 |   3.7
            +---------+---------+-------+---------+---------+-------
